 Dungeon Crawl Stone Soup version 0.20.0-10-g0535bb4 (webtiles) character file.

37487 Naow the Severer (level 14, -23/113 HPs)
             Began as a Formicid Fighter on June 7, 2017.
             Was a High Priest of Okawaru.
             Annihilated by a white ugly thing (35 damage)
             ... on level 14 of the Dungeon.
             The game lasted 00:32:18 (19666 turns).

Naow the Severer (Formicid Fighter)                Turns: 19666, Time: 00:32:19

Health: -23/113    AC: 21    Str: 25    XL:     14   Next: 29%
Magic:  20/22      EV: 14    Int: 14    God:    Okawaru [*****.]
Gold:   1092       SH: 17    Dex: 13    Spells: 21/24 levels left

rFire    . . .     SeeInvis +   F - +1 battleaxe
rCold    . . .     Gourm    .   W - +3 shield {reflect}
rNeg     . . .     Faith    +   I - +5 ring mail "Kiempox" {+Inv Str-3 Slay+5}
rPois    .         Spirit   .   (helmet unavailable)
rElec    .         Reflect  +   V - +2 cloak of the Thief {+Fog Slay-2 SInv Stlth+}
rCorr    .         Harm     .   v - +0 pair of gloves
MR       +....                  y - +2 pair of boots {Fly}
Stlth    +++.......             P - amulet of faith
Regen    0.3/turn               z - ring "Osufiaxt" {Str+4 Int+4 Dex+3}
MPRegen  0.2/turn               (no ring)

@: heroism, flying
A: permanent stasis, dig shafts and tunnels, four strong arms, antennae 3
a: Dig, Shaft Self, Heroism, Finesse, Renounce Religion, Evoke Fog, Evoke
Invisibility, Stop Flying


You were on level 14 of the Dungeon.
You worshipped Okawaru.
Okawaru was extremely pleased with you.
You were very hungry.

You visited 2 branches of the dungeon, and saw 16 of its levels.
You also visited: Bailey.

You collected 1092 gold pieces.

Inventory:

Hand Weapons
 e - a +1 dire flail of protection
 F - a +1 battleaxe (weapon)
Armour
 c - the +2 scale mail of Ziukhle {MR+}
   (Okawaru gifted it to you on level 14 of the Dungeon)

   It affects your resistance to hostile enchantments.
 v - a +0 pair of gloves (worn)
 y - a +2 pair of boots of flying (worn)
 I - the +5 ring mail "Kiempox" (worn) {+Inv Str-3 Slay+5}
   (You found it on level 4 of the Dungeon)

   It affects your strength (-3).
   It affects your accuracy and damage with ranged weapons and melee attacks
   (+5).
   It lets you turn invisible.
 V - the +2 cloak of the Thief (worn) {+Fog Slay-2 SInv Stlth+}
   (You found it in a bailey)

   It affects your accuracy and damage with ranged weapons and melee attacks
   (-2).
   It lets you see invisible.
   It makes you more stealthy.
 W - a +3 shield of reflection (worn)
Jewellery
 m - a +3 ring of protection
 n - an uncursed ring of poison resistance
 s - an uncursed ring of protection from magic
 x - an uncursed ring of ice
 z - the ring "Osufiaxt" (left hand) {Str+4 Int+4 Dex+3}
   (You found it on level 5 of the Dungeon)

   [ring of intelligence]

   It affects your strength (+4).
   It affects your intelligence (+4).
   It affects your dexterity (+3).
 P - an amulet of faith (around neck)
 X - an uncursed ring of positive energy {unknown}
Wands
 a - a wand of flame (21/48)
 k - a wand of flame (14/48)
 K - a wand of lightning (2/15)
 L - a wand of digging (4/24)
 N - a wand of flame (37/48)
 S - a wand of clouds (6/9)
 Y - a wand of flame (24/48)
 Z - a wand of polymorph (10/24)
Scrolls
 g - 9 scrolls of immolation
 i - 8 scrolls of identify
 o - 3 scrolls of fog
 r - 4 scrolls of amnesia
 u - 2 scrolls of magic mapping
 w - a scroll of enchant weapon
 B - 9 scrolls of remove curse
 D - a scroll of blinking
 O - 2 scrolls of recharging
Potions
 b - a potion of degeneration {unknown}
 d - 2 potions of might
 h - 9 potions of curing
 j - 6 potions of lignification
 l - 6 potions of mutation
 q - 2 potions of flight
 A - 3 potions of brilliance
 E - a potion of ambrosia {unknown}
 J - a potion of agility
 R - a potion of resistance
 T - a potion of invisibility
Books
 H - a book of Battle

   Spells                             Type                      Level
   a - Infusion                       Charms                       1
   b - Shroud of Golubria             Charms/Translocation         2
   c - Song of Slaying                Charms                       2
   d - Spectral Weapon                Hexes/Charms                 3
   e - Regeneration                   Charms/Necromancy            3
 Q - a book of Enchantments

   Spells                             Type                      Level
   a - Cause Fear                     Hexes                        4
   b - Yara's Violent Unravelling     Hexes/Transmutation          5
   c - Silence                        Hexes/Air                    5
   d - Deflect Missiles               Charms/Air                   6
   e - Discord                        Hexes                        8
 U - a book of Debilitation

   Spells                             Type                      Level
   a - Corona                         Hexes                        1
   b - Slow                           Hexes                        2
   c - Inner Flame                    Hexes/Fire                   3
   d - Portal Projectile              Hexes/Translocation          3
   e - Cause Fear                     Hexes                        4
   f - Leda's Liquefaction            Hexes/Earth                  4
Comestibles
 f - 12 bread rations
 t - 5 royal jellies
 C - 5 meat rations
 G - 10 fruits


   Skills:
 + Level 11.1(16.1) Fighting
 * Level 15.2(20.2) Axes
 + Level 7.3(12.3) Armour
 + Level 0.6(5.6) Dodging
 - Level 9.5(14.5) Shields
 - Level 5.6 Spellcasting
 - Level 5.6 Charms
 - Level 9.7 Invocations


You had 21 spell levels left.
You knew the following spells:

 Your Spells              Type           Power        Failure   Level  Hunger
a - Infusion              Chrm           ###.         2%          1    None
b - Song of Slaying       Chrm           ###.....     3%          2    ##.....


Dungeon Overview and Level Annotations

Branches:
Dungeon (15/15)            Temple (1/1) D:4            Lair (0/6) D:11
    Orc (0/2) D:10         Vaults (0/5) D:13         Depths (0/5) D:15

Altars:
Ashenzari
Cheibriados
Dithmenos
Elyvilon
Fedhas
Gozag
Hepliaklqana
Kikubaaqudgha
Makhleb
Nemelex Xobeh
Okawaru
Qazlal
Ru
Sif Muna
Trog
Uskayaw
Vehumet
Xom
Yredelemnul
Zin
The Shining One
Beogh

Shops:
D:7 !   D:8 [   D:12 [   D:13 *

Annotations:
D:3 Naow's ghost, amateur FoFi


Innate Abilities, Weirdness & Mutations

You cannot be hasted, slowed, berserked, paralysed or teleported.
You can dig through walls and to a lower floor.
Your four strong arms can wield two-handed weapons with a shield.
You have a pair of large antennae on your head. (SInv)


Message History

The red ugly thing stings you but does no damage.
The white ugly thing stings you but does no damage.
You hit the red ugly thing.
The red ugly thing is almost dead.
You slice the white ugly thing!!
You kill the white ugly thing!
Okawaru accepts your kill.
You completely miss the white ugly thing.
The red ugly thing closely misses you.
The white ugly thing closely misses you.
You barely miss the red ugly thing.
The red ugly thing is almost dead.
You barely miss the white ugly thing. You slice the red ugly thing!!
You kill the red ugly thing!
Okawaru accepts your kill.
You hit the white ugly thing. The white ugly thing stings you.
* * * LOW HITPOINT WARNING * * *
The white ugly thing freezes you!!
You die...

###) .....
.... ......
... ...... ...
......
##'##......
####+##
#..........
....... .
#.††u......
yy.y... ..
+..@[# .......
.. ##....#
....%.. #
#.....#
....... #
#.(.(.# #..y.
# . #.....#
###+# # ..
#.(.(.+ # ###
...#####.(.(.#
# #.#
.......(..<>.#
# ..#
..........([.#
#


You could see a white ugly thing.

Vanquished Creatures
  Frances (D:14)
  Agnes (D:14)
  Fannar (D:10)
  A hydra (D:13)
  A centaur warrior (D:14)
  An ogre mage (D:13)
  Erica (D:11)
  4 two-headed ogres
  A titan zombie (D:15)
  2 skeletal warriors (D:15)
  2 unseen horrors
  A flayed ghost (D:15)
  2 orc knights
  8 ugly things
  A deep elf mage (D:12)
  A necromancer (D:15)
  A sphinx skeleton (D:15)
  A stone giant zombie (D:15)
  2 cyclopes
  A centaur zombie (D:12)
  The ghost of Naow the Shield-Bearer, a novice FoFi (D:4)
  A yaktaur zombie (D:15)
  A kobold demonologist (D:11)
  A rime drake (D:11)
  A komodo dragon (D:13)
  A troll (D:13)
  A merfolk (D:10)
  3 polar bears (D:11)
  A hornet (D:11)
  12 slime creatures (D:12)
  Grinder (D:4)
  A hippogriff (D:12)
  Sigmund (D:5)
  2 vampires (D:12)
  4 wyverns
  2 wraiths
  11 yaks
  4 vampire mosquitoes
  A hungry ghost (D:7)
  13 wargs (D:11)
  A soldier ant (D:12)
  An acid dragon (D:15)
  A water moccasin (D:10)
  2 sky beasts
  2 phantoms
  6 ice beasts
  11 orc warriors
  A tengu (shapeshifter) (D:13)
  A black bear (D:11)
  11 centaurs
  An eye of draining (D:12)
  3 ogres
  2 wolves (D:11)
  A crocodile (D:12)
  8 bullfrogs
  8 gnoll sergeants (Bailey)
  5 scorpions
  11 killer bees (D:10)
  7 wights
  2 howler monkeys
  2 crimson imps
  2 quasits
  12 orc priests
  8 hounds
  3 jellies
  Crazy Yiuf (D:4)
  6 gnoll shamans (Bailey)
  2 bullfrog skeletons (D:10)
  4 centaur skeletons
  2 iguanas
  15 orc wizards
  10 worker ants
  A hound zombie (D:10)
  2 worker ant zombies
  21 gnolls
  6 adders
  2 shadow imps
  An ooze (D:4)
  2 adder skeletons (D:4)
  2 worms
  A dart slug (D:2)
  6 leopard geckos
  102 orcs
  2 ball pythons
  8 bats
  3 giant cockroaches
  7 hobgoblins
  3 jackals (D:4)
  7 quokkas
  3 frilled lizards
  A goblin (D:3)
  A jackal skeleton (D:5)
  4 kobolds
  2 leopard gecko skeletons
  2 quokka zombies
  3 rats
  A withered plant (D:15)
442 creatures vanquished.

Notes
Turn   | Place    | Note
-------+----------+-------------------------------------------
     0 | D:1      | Naow the Formicid Fighter began the quest for the Orb.
     0 | D:1      | Reached XP level 1. HP: 18/18 MP: 1/1
   563 | D:1      | Reached XP level 2. HP: 19/24 MP: 2/2
  1071 | D:2      | Found a white marble altar of Elyvilon.
  1082 | D:2      | Reached XP level 3. HP: 27/29 MP: 3/3
  1346 | D:1      | Reached skill level 3 in Axes
  1346 | D:1      | Reached XP level 4. HP: 6/37 MP: 4/4
  2188 | D:3      | Noticed Naow's ghost (amateur FoFi)
  2468 | D:3      | Found an ancient bone altar of Kikubaaqudgha.
  2769 | D:3      | Reached XP level 5. HP: 42/42 MP: 5/5
  3333 | D:4      | Noticed Naow's ghost (novice FoFi)
  3346 | D:4      | Killed Naow's ghost
  3346 | D:4      | Reached skill level 5 in Fighting
  3346 | D:4      | Reached skill level 5 in Axes
  3346 | D:4      | Reached skill level 5 in Shields
  3346 | D:4      | Reached XP level 6. HP: 13/51 MP: 6/6
  3346 | D:4      | Reached XP level 7. HP: 15/56 MP: 7/7
  3376 | D:5      | Entered Level 5 of the Dungeon
  3865 | D:5      | Got a brightly glowing granite ring
  3913 | D:5      | Noticed Sigmund
  3933 | D:5      | Killed Sigmund
  3933 | D:5      | Reached skill level 6 in Axes
  3933 | D:5      | Reached XP level 8. HP: 53/63 MP: 8/8
  4207 | D:5      | Found a hazy altar of Hepliaklqana.
  4213 | D:5      | Found a shadowy altar of Dithmenos.
  4218 | D:5      | Found a sacrificial altar of Ru.
  4735 | D:4      | Found an opulent altar of Gozag.
  5112 | D:4      | Got a slimy ring mail
  5123 | D:4      | Identified the +5 ring mail "Kiempox" {+Inv Str-3 Slay+5} (You found it on level 4 of the Dungeon)
  5124 | D:4      | Identified the ring "Osufiaxt" {Str+4 Int+4 Dex+3} (You found it on level 5 of the Dungeon)
  5194 | D:4      | Reached skill level 7 in Axes
  5224 | D:4      | Found a deep blue altar of Sif Muna.
  5307 | D:4      | Found a runed door.
  5385 | D:4      | Found a staircase to the Ecumenical Temple.
  5389 | D:4      | Noticed Grinder
  5392 | Temple   | Entered the Ecumenical Temple
  5665 | D:4      | Killed Grinder
  6032 | D:4      | Noticed Crazy Yiuf
  6036 | D:4      | Killed Crazy Yiuf
  6036 | D:4      | Reached XP level 9. HP: 71/71 MP: 9/9
  6566 | D:6      | Found a blossoming altar of Fedhas.
  6698 | D:7      | Reached skill level 8 in Axes
  6868 | D:7      | Found Fyturo's Distillery.
  6880 | D:7      | Found a bloodstained altar of Trog.
  7221 | D:7      | Found an iron altar of Okawaru.
  7225 | D:7      | Found a sparkling altar of Nemelex Xobeh.
  7225 | D:7      | Found a burning altar of Makhleb.
  7246 | D:7      | Became a worshipper of Warmaster Okawaru
  7706 | D:7      | Found a stormy altar of Qazlal.
  8060 | D:8      | Reached skill level 9 in Axes
  8105 | D:8      | Found Qimyissi's Armour Boutique.
  8535 | D:9      | Noticed a two-headed ogre
  8543 | D:9      | Killed a two-headed ogre
  8543 | D:9      | Reached * piety under Okawaru
  8543 | D:9      | Reached XP level 10. HP: 31/80 MP: 10/10
  8798 | D:9      | Found a flagged portal.
  8820 | Bailey   | Entered a bailey
  8826 | Bailey   | Reached ** piety under Okawaru
  8857 | Bailey   | Reached skill level 10 in Axes
  9226 | Bailey   | HP: 2/82 [gnoll/halberd (12)]
 10217 | D:9      | Found a shattered altar of Ashenzari.
 10498 | D:9      | Reached *** piety under Okawaru
 10687 | D:10     | Entered Level 10 of the Dungeon
 10964 | D:10     | Reached skill level 1 in Invocations
 10967 | D:10     | Reached skill level 11 in Axes
 10975 | D:10     | Reached **** piety under Okawaru
 11009 | D:10     | Reached XP level 11. HP: 86/89 MP: 12/12
 11432 | D:10     | Noticed an orc knight
 11434 | D:10     | Found a roughly hewn altar of Beogh.
 11434 | D:10     | Found a staircase to the Orcish Mines.
 11449 | D:10     | Killed an orc knight
 12230 | D:10     | Noticed Fannar
 12248 | D:10     | Killed Fannar
 12248 | D:10     | Reached ***** piety under Okawaru
 12248 | D:10     | Reached skill level 5 in Armour
 12698 | D:11     | Noticed a white ugly thing
 12707 | D:11     | Received a gift from Okawaru
 12710 | D:11     | Killed a white ugly thing
 12710 | D:11     | Reached skill level 10 in Fighting
 12710 | D:11     | Reached skill level 12 in Axes
 12867 | D:11     | Noticed Erica
 12887 | D:11     | Killed Erica
 12968 | D:11     | Found a staircase to the Lair.
 13019 | D:11     | Reached skill level 5 in Invocations
 13038 | D:11     | Reached XP level 12. HP: 61/98 MP: 15/15
 13477 | D:11     | Noticed a two-headed ogre
 13486 | D:11     | Killed a two-headed ogre
 13736 | D:11     | Received a gift from Okawaru
 14616 | D:11     | Reached skill level 13 in Axes
 14664 | D:11     | Noticed a yaktaur captain
 14728 | D:11     | Learned a level 1 spell: Infusion
 14731 | D:11     | Learned a level 2 spell: Song of Slaying
 15161 | D:12     | Reached skill level 1 in Charms
 15265 | D:12     | Reached skill level 1 in Spellcasting
 15280 | D:12     | Found Vugh's Armour Emporium.
 15681 | D:12     | Reached XP level 13. HP: 106/106 MP: 18/18
 15784 | D:12     | Reached ****** piety under Okawaru
 15837 | D:12     | Received a gift from Okawaru
 16484 | D:13     | Noticed a five-headed hydra
 16501 | D:13     | Killed a 15-headed hydra
 16760 | D:13     | Found Unneyps's Assorted Antiques.
 16816 | D:13     | Reached skill level 14 in Axes
 17266 | D:13     | Found a gate to the Vaults.
 17798 | D:13     | Noticed an eight-headed hydra
 18153 | D:14     | Noticed Agnes
 18164 | D:14     | You are sucked into a shaft!
 18164 | D:15     | Entered Level 15 of the Dungeon
 18380 | D:14     | Noticed Frances
 18652 | D:15     | Found a staircase to the Depths.
 18683 | D:15     | Received a gift from Okawaru
 18709 | D:15     | Reached skill level 5 in Charms
 18742 | D:15     | Reached skill level 5 in Spellcasting
 19019 | D:14     | Noticed a centaur warrior
 19089 | D:14     | Killed a centaur warrior
 19089 | D:14     | Reached XP level 14. HP: 84/113 MP: 21/21
 19278 | D:14     | Killed Agnes
 19317 | D:14     | Reached skill level 15 in Axes
 19368 | D:14     | Killed Frances
 19368 | D:14     | Received a gift from Okawaru
 19371 | D:14     | Got a brightly glowing scale mail {god gift}
 19619 | D:13     | Identified the +2 scale mail of Ziukhle {MR+} (Okawaru gifted it to you on level 14 of the Dungeon)
 19666 | D:14     | Annihilated by a white ugly thing

Skill      XL: |  1  2  3  4  5  6  7  8  9 10 11 12 13 14 |
---------------+-------------------------------------------+-----
Shields        | 4 5 6 7 8 9 |  9.5
Axes           | 3 5 6 7 9 11 12 13 14 15 | 15.2
Fighting       | 4 5 6 8 9 10 11 | 11.1
Invocations    | 1 5 7 9 |  9.7
Armour         | 4 5 7 |  7.3
Charms         | 2 5 |  5.6
Spellcasting   | 2 5 |  5.6
Dodging        | |  0.6

Action                   |  1- 3 |  4- 6 |  7- 9 | 10-12 | 13-15 || total
-------------------------+-------+-------+-------+-------+-------++-------
Melee: War axe           |    83 |   108 |   342 |   274 |       ||   807
       Battleaxe         |       |       |       |   434 |   288 ||   722
Invok: Heroism           |       |       |       |     8 |     9 ||    17
       Finesse           |       |       |       |     1 |     4 ||     5
 Abil: Shaft Self        |       |       |       |       |     1 ||     1
  Use: Scroll            |       |       |       |    18 |     4 ||    22
       Potion            |       |       |       |     5 |       ||     5
 Stab: Sleeping          |       |       |       |     1 |     1 ||     2
  Eat: Chunk             |     1 |     6 |    20 |    17 |     7 ||    51
       Fruit             |       |       |       |     2 |       ||     2
       Meat ration       |       |       |       |     1 |     1 ||     2
Armor: Scale mail        |    39 |    32 |    78 |       |       ||   149
       Ring mail         |       |       |    57 |   158 |    86 ||   301
Dodge: Dodged            |    41 |    45 |   107 |   258 |    90 ||   541
Block: Shield            |    59 |    76 |   181 |   431 |   187 ||   934
       Reflection        |       |       |       |     1 |    12 ||    13
